 Dungeon Crawl Stone Soup version 0.23-a0-681-g26ad783 (webtiles) character file.

2535 XanderDroid the Cleaver (level 9, -14/80 HPs)
             Began as a Minotaur Berserker on Jan 10, 2019.
             Was a High Priest of Trog.
             Demolished by an orc warrior
             ... wielding a +4 scimitar
              (15 damage)
             ... on level 9 of the Dungeon.
             The game lasted 00:18:32 (5611 turns).

XanderDroid the Cleaver (Minotaur Berserker)        Turns: 5611, Time: 00:18:33

Health: -14/80     AC: 13    Str: 23    XL:     9   Next: 30%
Magic:  8/8        EV: 11    Int:  4    God:    Trog [*****.]
Gold:   358        SH:  0    Dex: 12    Spells: 8/8 levels left

rFire    + . .     SeeInvis .   a - +0 war axe
rCold    . . .     Gourm    .   (no shield)
rNeg     . . .     Faith    .   h - +0 chain mail
rPois    +         Spirit   .   (helmet restricted)
rElec    .         Reflect  .   q - +0 cloak
rCorr    .         Harm     .   s - +0 pair of gloves
MR       .....                  (no boots)
Stlth    ..........             (no amulet)
HPRegen  0.23/turn              n - ring of protection from fire
MPRegen  0.11/turn              t - ring of poison resistance

@: berserk cooldown, slowed, very slow
A: retaliatory headbutt, horns 2
a: Berserk, Trog's Hand, Brothers in Arms, Renounce Religion


You were on level 9 of the Dungeon.
You worshipped Trog.
Trog was extremely pleased with you.
You were hungry.

You visited 1 branch of the dungeon, and saw 10 of its levels.
You also visited: Sewer.

You collected 358 gold pieces.

Inventory:

Hand Weapons
 a - a +0 war axe (weapon)
 b - a +4 mace
Missiles
 x - a throwing net (quivered)
Armour
 h - a +0 chain mail (worn)
 q - a +0 cloak (worn)
 s - a +0 pair of gloves (worn)
Jewellery
 n - a ring of protection from fire (left hand)
 t - a ring of poison resistance (right hand)
Wands
 B - a wand of disintegration (16)
Scrolls
 d - a scroll of blinking {unknown}
 g - 5 scrolls of remove curse
 k - a scroll of magic mapping
 m - 2 scrolls of enchant weapon {unknown}
 v - a scroll of noise {unknown}
 y - a scroll of teleportation {unknown}
Potions
 e - 3 potions of curing
 f - 5 potions of heal wounds
 i - a potion of berserk rage {unknown}
 j - a potion of might {unknown}
 o - 2 potions of ambrosia
 p - 4 potions of flight
 r - 2 potions of resistance
 u - a potion of degeneration {unknown}
 w - a potion of lignification {unknown}
 z - a potion of brilliance {unknown}
Comestibles
 c - 13 rations
 l - 5 chunks of flesh


   Skills:
 + Level 7.6 Fighting
 * Level 10.2 Axes
 + Level 7.2 Armour
 + Level 6.5 Dodging


You had 8 spell levels left.
You didn't know any spells.
Your spell library was empty.

Dungeon Overview and Level Annotations

Branches:
Dungeon (10/15)            Temple (0/1) D:4
   Lair: D:8-11         Orc: D:9-12

Altars:
Cheibriados
Dithmenos
Fedhas
Gozag
Kikubaaqudgha
Wu Jian
Xom
The Shining One

Shops:
D:6 (


Innate Abilities, Weirdness & Mutations

You reflexively headbutt those who attack you in melee.
You have a pair of horns on your head.


Message History

The orc priest hits you but does no damage.
You hit the orc priest. Your headbutt misses the orc priest.
The orc priest is almost dead.
You hit the orc warrior.
The orc warrior hits you but does no damage.
The orc priest hits you with a +0 club.
* * * LOW HITPOINT WARNING * * *
You closely miss the orc priest.
The orc priest is almost dead.
You hit the orc warrior but do no damage.
The orc warrior hits you with a +4 scimitar!
* * * LOW HITPOINT WARNING * * *
The orc priest mumbles some strange prayers to Beogh against you.
You struggle to resist.
You slash the orc priest!
You kill the orc priest!
Trog accepts your kill.
You closely miss the orc warrior.
The orc warrior hits you with a +4 scimitar!
You die...

######.>####..######
#...................
#...................
#..................
######...........
#...##....#
#...##....#
#.).##....#
#.)))@....#
#...)o....#
.......#######
........# ........#
.####.... #....
#....


You could see an orc warrior.

Vanquished Creatures
  Prince Ribbit (D:6)
  A water moccasin (D:6)
  A phantom (D:6)
  2 black bears
  2 orc warriors
  2 centaurs
  An ogre (D:4)
  2 big kobolds
  A bullfrog (D:6)
  3 scorpions
  2 howler monkeys
  A bullfrog zombie (D:6)
  A jelly (D:5)
  A quasit (D:9)
  5 orc priests
  2 hounds
  A bullfrog skeleton (D:4)
  An iguana (D:5)
  Natasha (twice) (D:3)
  9 orc wizards
  7 worker ants
  A hound zombie (D:5)
  A hound skeleton (D:5)
  A howler monkey zombie (D:5)
  5 gnolls
  6 adders
  A river rat (Sewer)
  2 shadow imps (D:6)
  An ooze (D:2)
  2 worms
  2 dart slugs
  2 leopard geckos
  24 orcs
  12 bats
  7 giant cockroaches
  10 hobgoblins
  10 jackals
  11 kobolds
  4 quokkas
  2 ball pythons
  6 frilled lizards
  8 goblins
  2 quokka skeletons (D:4)
  10 rats
178 creatures vanquished.

Notes
Turn   | Place    | Note
-------+----------+-------------------------------------------
     0 | D:1      | XanderDroid the Minotaur Berserker began the quest for the
                  | Orb.
     0 | D:1      | Reached XP level 1. HP: 19/19 MP: 0/0
   234 | D:1      | HP: 1/20 [hobgoblin/+0 club (2)]
   237 | D:1      | Reached XP level 2. HP: 2/27 MP: 1/1
   535 | D:1      | Reached skill level 4 in Axes
  1307 | D:2      | Reached XP level 3. HP: 24/33 MP: 2/2
  1459 | D:2      | Reached ** piety under Trog
  1594 | D:2      | Found a snail-covered altar of Cheibriados.
  1605 | D:2      | Reached XP level 4. HP: 39/40 MP: 3/3
  1862 | D:2      | Found a glowing golden altar of the Shining One.
  1918 | D:3      | Reached skill level 5 in Axes
  1921 | D:3      | Noticed a black bear
  1935 | D:3      | Killed a black bear
  1935 | D:3      | Reached XP level 5. HP: 47/47 MP: 4/4
  1952 | D:3      | Found a shimmering altar of Xom.
  1960 | D:3      | Found a shimmering altar of Xom.
  1961 | D:3      | Found a shimmering altar of Xom.
  1961 | D:3      | Found a shimmering altar of Xom.
  1964 | D:3      | Found a shimmering altar of Xom.
  1998 | D:3      | Found a shadowy altar of Dithmenos.
  2138 | D:3      | Noticed Natasha
  2144 | D:3      | Killed Natasha
  2144 | D:3      | Reached XP level 6. HP: 32/55 MP: 5/5
  2628 | D:3      | Noticed Natasha
  2631 | D:3      | Killed Natasha
  2631 | D:3      | Reached skill level 6 in Axes
  2651 | D:4      | Found a staircase to the Ecumenical Temple.
  2667 | D:4      | Reached skill level 5 in Fighting
  2721 | D:4      | Reached *** piety under Trog
  2737 | D:4      | Reached XP level 7. HP: 6/61 MP: 6/6
  2812 | D:4      | Found a glowing drain.
  2987 | Sewer    | Entered a sewer
  3067 | Sewer    | Reached skill level 7 in Axes
  3092 | Sewer    | Found a white marble altar of Elyvilon.
  3232 | D:4      | Found a blossoming altar of Fedhas.
  3494 | D:5      | Entered Level 5 of the Dungeon
  3556 | D:5      | Reached skill level 5 in Armour
  3568 | D:5      | Reached **** piety under Trog
  3674 | D:5      | Reached skill level 5 in Dodging
  3674 | D:5      | Reached XP level 8. HP: 41/70 MP: 7/7
  4052 | D:5      | Reached skill level 8 in Axes
  4226 | D:6      | Found an ancient bone altar of Kikubaaqudgha.
  4261 | D:6      | Found a glowing golden altar of the Shining One.
  4519 | D:6      | Noticed Prince Ribbit
  4592 | D:6      | Killed Prince Ribbit
  4592 | D:6      | Reached skill level 9 in Axes
  4728 | D:6      | Found Igaqeb's Antique Weapon Shop.
  5013 | D:6      | Found an ornate altar of the Wu Jian Council.
  5068 | D:6      | You fall through a shaft for 2 floors!
  5094 | D:7      | Reached XP level 9. HP: 67/79 MP: 8/8
  5143 | D:7      | Found an opulent altar of Gozag.
  5499 | D:7      | You fall through a shaft for 3 floors!
  5499 | D:10     | Entered Level 10 of the Dungeon
  5510 | D:10     | Reached ***** piety under Trog
  5511 | D:10     | Reached skill level 10 in Axes
  5610 | D:9      | HP: 1/80 [orc warrior/+4 scimitar (9)]
  5611 | D:9      | Demolished by an orc warrior

Vault maps used:
D:1:      co_arrival_square_in_a_square_in_a_square, dk_noncrumbling_3
D:2:      kennysheep_slug_shrine, marbit_many_paths
D:3:      xom_redecorated, grunt_dithmenos_smoke_and_mirrors,
          minmay_quadrilaterals, uniq_natasha
D:4:      lemuel_round_altar, minmay_temple_entry_statues_pillars, first_ration,
          portal_sewer_entry_a
D:6:      kennysheep_mini_moat, kiku_gazebo_pond_becter, serial_shops,
          nicolae_shop_competitors_out_of_business, basic_altar, serial_glass,
          glass_columns_a, glass_columns_b, glass_columns_a, glass_columns_c,
          uniq_prince_ribbit1
D:7:      old_standard_altar, nicolae_overflow_crystal_walls, zin_scriptorium
D:8:      lemuel_coloured_pillars_altar, basic_altar, the_bakery,
          hangedman_minor_gate_pass, uniq_maurice, uniq_harold
D:9:      overflow_temple_1_default, kennysheep_mini, erik_lair_island,
          david_orc_4, hangedman_weighted_door
D:10:     serial_shops, shop
Sewer:    sewer_kobolds

Skill      XL: |  1  2  3  4  5  6  7  8  9 |
---------------+----------------------------+-----
Axes           | 4 5 6 7 9 10 | 10.2
Fighting       | 4 5 6 7 |  7.6
Armour         | 3 4 5 6 7 |  7.2
Dodging        | 3 4 5 6 |  6.5

Action                   |  1- 3 |  4- 6 |  7- 9 || total
-------------------------+-------+-------+-------++-------
Melee: Hand axe          |    80 |    24 |       ||   104
       Headbutt          |     9 |    18 |    34 ||    61
       War axe           |       |    63 |   221 ||   284
Invok: Berserk           |       |     2 |     3 ||     5
  Use: Scroll            |       |     2 |     8 ||    10
  Eat: Chunk             |     2 |     4 |    13 ||    19
Armor: Animal skin       |    10 |       |       ||    10
       Ring mail         |    18 |    31 |    16 ||    65
       Scale mail        |       |       |     2 ||     2
       Chain mail        |       |       |    70 ||    70
Dodge: Dodged            |    75 |    64 |   135 ||   274

Table legend:
 A = Non-vault XP
 B = Vault XP
 C = Vault XP percentage of total XP
 D = Non-vault monster count
 E = Vault monster count
 F = Vault count percentage of total count
                 A         B        C        D         E       F
            +---------+---------+-------+---------+---------+-------
      Total |    2881 |     741 |  20.5 |     144 |      34 |  19.1
            +---------+---------+-------+---------+---------+-------
        D:1 |      35 |       0 |   0.0 |      20 |       0 |   0.0
        D:2 |      78 |       9 |  10.3 |      24 |       2 |   7.7
        D:3 |     281 |      62 |  18.1 |      18 |       8 |  30.8
        D:4 |     334 |       4 |   1.2 |      18 |       3 |  14.3
        D:5 |     579 |       0 |   0.0 |      30 |       0 |   0.0
        D:6 |    1054 |     268 |  20.3 |      22 |       1 |   4.3
        D:7 |     257 |       0 |   0.0 |       6 |       0 |   0.0
        D:9 |      45 |     274 |  85.9 |       1 |       9 |  90.0
       D:10 |     218 |       0 |   0.0 |       5 |       0 |   0.0
      Sewer |       0 |     124 | 100.0 |       0 |      11 | 100.0
            +---------+---------+-------+---------+---------+-------
